 Dungeon Crawl Stone Soup version 0.31-a0-233-g139696dc86 (webtiles) character file.

Game seed: 11212112424711252581

138 qw the Shooter (level 5, -2/35 (41) HPs)
             Began as a Minotaur Hexslinger on July 7, 2023.
             Slain by an orc wizard
             ... wielding a +1 dagger of draining
              (3 damage)
             ... on level 4 of the Dungeon.
             The game lasted 00:00:45 (2363 turns).

qw the Shooter (Minotaur Hexslinger)                Turns: 2363, Time: 00:00:45

HP:   -2/35 (41)    AC:  7    Str: 12    XL:     5   Next: 1%
MP:   5/5           EV: 11    Int: 10    God:
Gold: 302           SH:  0    Dex: 15    Spells: 5/6 levels left

rFire   . . .        Y - +1 sling (heavy)
rCold   . . .        (no shield)
rNeg    . . .        i - +0 ring mail
rPois   .            (helmet restricted)
rElec   .            (no cloak)
rCorr   .            (no gloves)
SInv    .            g - +1 pair of boots
Will    .....        b - amulet of faith
Stlth   +            (no ring)
HPRegen 0.25/turn    (no ring)
MPRegen 0.09/turn

%: faith
@: heavily drained
A: horns 2, retaliatory headbutt
a: no special abilities


You were on level 4 of the Dungeon.
You visited 1 branch of the dungeon, and saw 4 of its levels.

You collected 302 gold pieces.


Innate Abilities, Weirdness & Mutations

You have a pair of horns on your head.
You reflexively headbutt those who attack you in melee.


   Skills:
 + Level 2.0 Fighting
 - Level 5.3 Ranged Weapons
 - Level 1.2 Armour
 - Level 2.1 Dodging
 - Level 1.0 Spellcasting
 - Level 2.0 Hexes


You had 5 spell levels left.
You knew the following spells:

 Your Spells              Type           Power      Damage    Failure   Level
a - Slow                  Hex            16%        N/A       34%         1

Your spell library contained the following spells:

 Spells                   Type           Power      Damage    Failure   Level
 Inner Flame              Hex/Fire       2%         N/A       83%         3
 Portal Projectile        Hex/Tloc       4%         N/A       83%         3
 Cause Fear               Hex            2%         N/A       98%         4

Inventory:

Hand Weapons
 Y - a +1 heavy sling (weapon)
Armour
 e - a +0 pair of gloves
 g - a +1 pair of boots (worn)
 i - a +0 ring mail (worn)
Jewellery
 b - an amulet of faith (around neck)
Scrolls
 a - a scroll of identify
 c - a scroll of noise {unknown}
Potions
 d - a potion of heal wounds {unknown}
 j - a potion of haste {unknown}

Dungeon Overview and Level Annotations

Branches:
Dungeon (4/15)
 Temple: D:4-7

Altars:
Makhleb

Shops:
D:1 (


Message History

You shoot a sling bullet. The sling bullet hits the orc wizard!
The orc wizard is almost dead.
The orc hits you but does no damage.
The orc wizard gestures wildly while chanting.
The orc wizard flickers and vanishes!
Deactivating autopickup; reactivate with Ctrl-A.
The orc wizard hits you but does no damage.
You feel drained. The orc hits you but does no damage.
The orc priest hits you with a +1 dagger of speed.
The orc wizard hits you but does no damage.
You feel drained. The orc priest completely misses you.
You furiously retaliate!
You headbutt the orc priest. You shoot a sling bullet.
The sling bullet hits the orc wizard but does no damage.
The orc wizard is almost dead.
The orc closely misses you. Something hits you.
The orc wizard hits you but does no damage.
You feel drained.
The orc priest hits you but does no damage.
The orc priest hits you with a +1 dagger of speed.
The orc closely misses you.
The orc wizard gestures wildly while chanting.
The orc wizard flickers and vanishes!
Something hits you but does no damage.
You shoot a sling bullet.
The sling bullet closely misses the orc priest.
The orc priest looks satisfied for a moment.
The orc hits you with a +0 club.
Something hits you but does no damage. x2
You feel drained.
The orc priest hits you but does no damage.
Something hits you. The orc misses you. You furiously retaliate!
You headbutt the orc, but do no damage.
You hear some strange, mumbled words.
A magic dart appears from out of thin air!
The magic dart hits you!
You shoot a sling bullet.
The sling bullet hits the orc priest but does no damage.
The orc priest is lightly wounded.
The orc priest closely misses you. The orc hits you but does no damage.
Something hits you but does no damage. Something hits you.
You die...

.#.............###..##
.#...........#..##...#
................##..##
..##................##
. ................##
.................#
.........K.#.###
........o{##.#
.....#.o{@.###
#.)###.##o.# 8..
#..)....#
...............
?.o............
o8#...###...... . #...
...... #.#. ......
.... ......


You could see an orc priest, 2 orcs and a kobold.

Vanquished Creatures
  A hound (D:4)
  Robin (D:3)
  4 adders
  2 dart slugs
  An orc (D:4)
  2 endoplasms
  8 giant cockroaches
  11 goblins
  6 hobgoblins
  6 kobolds
  A quokka (D:3)
  4 ball pythons
  A bat (D:2)
  4 rats
52 creatures vanquished.

Notes
Turn   | Place    | Note
-------+----------+-------------------------------------------
     0 | D:1      | qw the Minotaur Hexslinger began the quest for the Orb.
     0 | D:1      | Reached XP level 1. HP: 16/16 MP: 1/1
     0 | D:1      | 0 ||| qw: Version: 0.3-a-46-gb1f654a
     0 | D:1      | 0 ||| qw: Game counter: 3305
     0 | D:1      | 0 ||| qw: Melee chars always use a shield: true
     0 | D:1      | 0 ||| qw: God list: Okawaru
     0 | D:1      | 0 ||| qw: Allow faded altars: false
     0 | D:1      | 0 ||| qw: Do Orc after clearing Dungeon:15 true
     0 | D:1      | 0 ||| qw: Do second Lair branch before Depths: true
     0 | D:1      | 0 ||| qw: Lair rune preference: random
     0 | D:1      | 0 ||| qw: Goals: Normal
     0 | D:1      | 0 ||| PLANNING D:1-11
   230 | D:1      | Reached skill level 3 in Ranged Weapons
   239 | D:1      | Reached XP level 2. HP: 21/23 MP: 2/2
   290 | D:1      | Found a faded altar of an unknown god.
   553 | D:1      | Found Gianyhai's Antique Weapon Boutique.
   562 | D:1      | 562 ||| SHOPLISTING fading sling (195 gold, have 88).
   562 | D:1      | 562 ||| SHOPLISTING steaming orcbow (255 gold, have 88).
   721 | D:1      | 721 ||| UPGRADING to +0 leather armour.
   731 | D:1      | 731 ||| DROPPING +0 robe.
   732 | D:1      | 732 ||| UPGRADING to +0 pair of boots.
   737 | D:1      | 737 ||| DROPPING +6 ring of intelligence.
   738 | D:1      | 738 ||| READING 2 scrolls labelled UGOKES WOEHAU.
   739 | D:1      | 739 ||| DROPPING scroll of poison.
   941 | D:2      | Reached XP level 3. HP: 28/29 MP: 3/3
  1240 | D:2      | Reached skill level 4 in Ranged Weapons
  1481 | D:2      | 1481 ||| UPGRADING to +0 ring mail.
  1491 | D:2      | 1491 ||| DROPPING +0 leather armour.
  1492 | D:2      | 1492 ||| UPGRADING to amulet of faith.
  1497 | D:2      | 1497 ||| READING scroll labelled VAAPES EHISOSO.
  1498 | D:2      | 1498 ||| READING scroll labelled MECOTIO QUBLO.
  1499 | D:2      | 1499 ||| READING scroll labelled MEDEIG DITTA.
  1547 | D:3      | Reached skill level 1 in Armour
  1590 | D:3      | Reached XP level 4. HP: 28/36 MP: 4/4
  1628 | D:3      | Noticed Robin
  1630 | D:3      | 1630 ||| Stepping ~*~*~tactically~*~*~ (outnumbered).
  1632 | D:3      | 1632 ||| Stepping ~*~*~tactically~*~*~ (outnumbered).
  1639 | D:3      | Killed Robin
  1686 | D:3      | 1686 ||| READING scroll of enchant armour.
  1686 | D:3      | 1686 ||| ENCHANTING +0 pair of boots.
  1718 | D:3      | Found a burning altar of Makhleb.
  2155 | D:3      | 2155 ||| READING scroll labelled JUMEATT SEPTI.
  2159 | D:4      | 2159 ||| PLANNING OSSUARY
  2349 | D:4      | 2349 ||| Stepping ~*~*~tactically~*~*~ (outnumbered).
  2360 | D:4      | Reached skill level 5 in Ranged Weapons
  2360 | D:4      | Reached XP level 5. HP: 21/39 MP: 5/5
  2362 | D:4      | HP: 1/35 [something/magic dart (10)]
  2363 | D:4      | Slain by an orc wizard

Levels and vault maps discovered:
D:1:      sevenhm_arrival_forest_fort_small_6, layout_loops_ring, serial_shops,
          nicolae_lakefront_shop, shapermc_ecumenical_altar_venn, minivault_25
D:2:      layout_loops_ring, hex_medium, nrook_uturn, minmay_strange_pillars
D:3:      layout_loops_cross, bloody_makhleb, uniq_robin
D:4:      layout_cave_pools, nicolae_ossuary_entry_false_entrances, st_stairs_6

Skill      XL: |  1  2  3  4 |
---------------+-------------+-----
Ranged Weapons | 3 4 5 |  5.3
Fighting       | 2 |  2.0
Armour         | 1 |  1.2
Dodging        | |  2.1
Spellcasting   | |  1.0
Hexes          | |  2.0

Action                     |  1- 3 |  4- 6 || total
---------------------------+-------+-------++-------
   Fire: Sling             |   110 |    53 ||   163
    Use: Scroll            |     4 |     2 ||     6
 Armour: Robe              |     5 |       ||     5
         Leather armour    |    14 |       ||    14
         Ring mail         |     8 |    33 ||    41
  Dodge: Dodged            |    28 |    28 ||    56

Table legend:
 A = Non-vault XP
 B = Vault XP
 C = Vault XP percentage of total XP
 D = Non-vault monster count
 E = Vault monster count
 F = Vault count percentage of total count
                 A         B        C        D         E       F
            +---------+---------+-------+---------+---------+-------
      Total |     158 |      40 |  20.2 |      38 |      14 |  26.9
            +---------+---------+-------+---------+---------+-------
        D:1 |      19 |       0 |   0.0 |      10 |       0 |   0.0
        D:2 |      50 |       0 |   0.0 |      15 |       0 |   0.0
        D:3 |      21 |      38 |  64.4 |       6 |      13 |  68.4
        D:4 |      68 |       2 |   2.9 |       7 |       1 |  12.5
            +---------+---------+-------+---------+---------+-------
